 Dungeon Crawl Stone Soup version 0.13-a0-2202-g857913d (webtiles) character file.

1528 M4edhros the Covert (level 8, -3/53 HPs)
             Began as an Octopode Death Knight on July 2, 2013.
             Was a Priest of Yredelemnul.
             Slain by an orc warrior
             ... wielding a +0,+0 orcish trident
              (12 damage)
             ... on Level 7 of the Dungeon.
             The game lasted 00:19:31 (5797 turns).

M4edhros the Covert (Octopode Death Knight)         Turns: 5797, Time: 00:19:31

HP  -3/53        AC  1     Str 12      XL: 8   Next: 57%
MP  13/13        EV 12     Int 16      God: Yredelemnul [***...]
Gold 226         SH  0     Dex 11      Spells:  0 memorised,  7 levels left

Res.Fire  : . . .   See Invis. : .   j - +0 spear (pierce)
Res.Cold  : . . .   Warding    : .   (no shield)
Life Prot.: . . .   Conserve   : .   (helmet restricted)
Res.Poison: .       Res.Corr.  : .   (no amulet)
Res.Elec. : .       Clarity    : .   o - ring of flight
Sust.Abil.: . .     Spirit.Shd : .   (no ring)
Res.Mut.  : .       Stasis     : .   (no ring)
Res.Rott. : .       Flight     : .   (no ring)
Saprovore : . . .                    (no ring)
                                     (no ring)
                                     (no ring)
                                     (no ring)

@: slightly resistant to hostile enchantments, extremely stealthy
A: almost no armour, amphibious, 8 rings, constrict 8, camouflage 1, AC +1
a: Animate Dead, Recall Undead Slaves, Injury Mirror, Renounce Religion, Evoke
Flight


You were on level 7 of the Dungeon.
You worshipped Yredelemnul.
Yredelemnul was greatly pleased with you.
You were very hungry.

You visited 1 branch of the dungeon, and saw 7 of its levels.

You collected 206 gold pieces.

Inventory:

Hand weapons
 a - a +1,+1 spear {=f}
 j - a +0,+0 spear of piercing (weapon)
 k - a +1,+2 sling
Missiles
 f - 50 stones (quivered)
Magical devices
 w - a wand of digging (9) {unknown}
 x - a wand of enslavement (10)
 y - a wand of lightning (3)
Comestibles
 b - a banana
 c - 3 bread rations
 d - an apple
 g - 6 meat rations
Scrolls
 e - a scroll of fear {unknown}
 h - a scroll of recharging {unknown}
 i - 2 scrolls of enchant armour {unknown}
 l - a scroll of fog {unknown}
 m - a scroll of enchant weapon II {unknown}
 q - a scroll of curse jewellery {unknown}
 r - 3 scrolls of identify {unknown}
 t - a scroll of remove curse {unknown}
 u - a scroll of enchant weapon I {unknown}
 v - a scroll of noise {unknown}
Jewellery
 n - a cursed ring of teleportation {unknown}
 o - a ring of flight (left tentacle)
 s - an uncursed ring of ice
Potions
 p - a potion of might {unknown}
 z - a potion of curing


   Skills:
 + Level 4.3 Fighting
 - Level 4.1 Polearms
 - Level 1.5 Dodging
 * Level 11.1 Stealth
 - Level 3.0 Invocations


You had 7 spell levels left.
You didn't know any spells.

Dungeon Overview and Level Annotations

Branches:
Dungeon (7/27)             Temple (0/1) D:6
    Orc: D:6-11

Altars:
Okawaru
Xom
Yredelemnul

Annotations
D:4 Pikel


Innate Abilities, Weirdness & Mutations

You cannot wear most types of armour.
You are amphibious.
You can wear up to eight rings at the same time.
You can use your tentacles to constrict many enemies at once.
Your skin changes colour to match your surroundings (Stlth).
Your rubbery body absorbs attacks (AC +1).


Message History

The orc warrior barely misses you. The giant frog hits you.
Your orc zombie hits the orc warrior but does no damage.
The worm bites you.
Evoke which item? (* to show all) (? for menu, Esc to quit)
Zapping:
x - a wand of enslavement {zapped: 5}
Press: ? - help, Shift-Dir - straight line, f/p - giant frog
Aim: a giant frog The giant frog resists.
The giant frog hits you!
* * * LOW HITPOINT WARNING * * *
The orc warrior closely misses you.
Evoke which item? (* to show all) (? for menu, Esc to quit)
Zapping:
x - a wand of enslavement {zapped: 6}
Press: ? - help, Shift-Dir - straight line, f/p - giant frog
Aim: a giant frog The giant frog struggles to resist.
The giant frog misses you.
Your orc zombie hits the orc warrior but does no damage.
The giant frog closely misses you.
The orc warrior hits you from afar with an orcish trident!
You die...
Your body rises from the dead as a mindless zombie.

### #..## #..(...##
#...#####.#####...####z(##.###
..⌠........z##.#...)..o.##.# #
#...#####.#.###...####$..#.#
##...z.z.## ###.#.# #######.#
.#.# ####z# .#.# #..o.# .#.#
#@#### .#.### #.w.F.......
.#.... ....#........ .#####
###############. #.#.#####
#........ ........ #####.#####
............


You could see an orc warrior, a worm, a giant frog and a friendly orc zombie.

Vanquished Creatures
  An orc warrior (D:7)
  A hippogriff zombie (D:5)
  An ogre (D:6)
  4 giant frogs
  Blork the orc (D:4)
  A goliath beetle (D:7)
  A gnoll shaman (D:4)
  2 orc priests (D:6)
  A hound skeleton (D:6)
  An iguana (D:5)
  4 orc wizards
  A worker ant (D:4)
  Jessica (D:2)
  8 adders
  5 gnolls
  2 adder skeletons
  4 worms
  A bat zombie (D:5)
  5 giant geckos
  2 oozes
  12 orcs
  4 giant cockroaches
  14 goblins
  16 hobgoblins
  17 kobolds
  4 ball pythons
  12 bats
  A giant gecko skeleton (D:7)
  7 jackals
  An orc zombie (D:5)
  2 quokkas
  5 rats
  A rat skeleton (D:6)
  A toadstool (D:1)
144 creatures vanquished.

Vanquished Creatures (collateral kills)
  Duvessa (D:5)
  A giant frog zombie (D:6)
  Dowan (D:5)
  2 orc priests (D:7)
  An iguana (D:7)
  4 orcs
  2 hobgoblins
  A jackal (D:7)
  A kobold (D:4)
14 creatures vanquished.

Vanquished Creatures (others)
  2 giant frog zombies
  A wight (D:7)
  A gnoll zombie (D:4)
  A ball python zombie (D:6)
  A goblin zombie (D:4)
  A hobgoblin zombie (D:6)
  2 jackal zombies
  2 kobold zombies
  9 orc zombies
  A quokka zombie (D:6)
  A rat (D:1)
  3 toadstools (D:1)
25 creatures vanquished.

Grand Total: 183 creatures vanquished

Notes
Turn   | Place    | Note
--------------------------------------------------------------
     0 | D:1      | M4edhros, the Octopode Death Knight, began the quest for the Orb.
     0 | D:1      | Reached XP level 1. HP: 14/14 MP: 2/2
    45 | D:1      | Reached skill level 1 in Stealth
    52 | D:1      | Reached XP level 2. HP: 14/19 MP: 4/4
   455 | D:1      | Reached XP level 3. HP: 18/24 MP: 5/5
   687 | D:2      | Found a basalt altar of Yredelemnul.
   712 | D:2      | Acquired Yredelemnul's second power
   877 | D:2      | Noticed Jessica
   884 | D:2      | Killed Jessica
   884 | D:2      | Reached skill level 4 in Stealth
   884 | D:2      | Reached XP level 4. HP: 21/30 MP: 7/7
  1097 | D:2      | Reached skill level 5 in Stealth
  1142 | D:3      | Reached XP level 5. HP: 28/35 MP: 8/8
  1152 | D:3      | Found an iron altar of Okawaru.
  1193 | D:3      | Noticed a giant frog
  1198 | D:3      | Killed a giant frog
  1198 | D:3      | Reached skill level 6 in Stealth
  1328 | D:3      | Reached XP level 6. HP: 21/40 MP: 10/10
  1380 | D:3      | Acquired Yredelemnul's third power
  1505 | D:3      | Found a shimmering altar of Xom.
  1589 | D:4      | Noticed Blork the orc
  1689 | D:4      | Reached skill level 7 in Stealth
  1867 | D:4      | Paralysed by a potion of paralysis for 2 turns
  1951 | D:4      | Noticed Pikel
  2233 | D:4      | Killed Blork the orc
  2233 | D:4      | Reached skill level 8 in Stealth
  2370 | D:5      | Entered Level 5 of the Dungeon
  2433 | D:5      | Reached XP level 7. HP: 32/45 MP: 11/11
  3043 | D:5      | Noticed Duvessa
  3043 | D:5      | Noticed Dowan
  3296 | D:5      | Killed Duvessa
  3296 | D:5      | Reached skill level 9 in Stealth
  3313 | D:5      | Killed Dowan
  3859 | D:6      | Reached skill level 10 in Stealth
  3859 | D:6      | Reached XP level 8. HP: 11/52 MP: 13/13
  4192 | D:6      | Found a staircase to the Ecumenical Temple.
  4203 | D:6      | HP: 2/52 [giant frog (9)]
  4748 | D:6      | Received a gift from Yredelemnul
  5340 | D:7      | Reached skill level 11 in Stealth
  5797 | D:7      | Slain by an orc warrior

Action                   |  1- 3 |  4- 6 |  7- 9 || total
-------------------------+-------+-------+-------++-------
Melee: Spear             |    69 |   172 |   201 ||   442
Invok: Animate Remains   |     1 |     3 |       ||     4
       Animate Dead      |       |     5 |    10 ||    15
       Injury Mirror     |       |       |     2 ||     2
Evoke: Wand              |       |       |    11 ||    11
  Use: Potion            |       |     5 |     3 ||     8
       Scroll            |       |       |     1 ||     1
 Stab: Sleeping          |    12 |    17 |    16 ||    45
       Distracted        |       |       |     6 ||     6
